 Dungeon Crawl Stone Soup version 0.31.0-12-g77e489cdc1 (webtiles) character file.

Game seed: 5577568248677193340

34 Doomgape the Covered (level 3, -3/24 HPs)
             Began as a Gargoyle Fighter on Feb 11, 2024.
             Killed by nerve-wracking pain
             ... invoked by Jessica
              (4 damage)
             ... on level 2 of the Dungeon.
             The game lasted 00:02:45 (880 turns).

Doomgape the Covered (Gargoyle Fighter)              Turns: 880, Time: 00:02:45

Health: -3/24      AC: 10    Str: 21    XL:     3   Next: 31%
Magic:  3/3        EV:  9    Int:  8    God:
Gold:   19         SH:  4    Dex:  9    Spells: 2/2 levels left

rFire   . . .        a - +0 flail
rCold   . . .        c - +0 buckler
rNeg    + . .        b - +0 scale mail
rPois   ∞            (no helmet)
rElec   +            (no cloak)
rCorr   .            (no gloves)
SInv    .            (no boots)
Will    .....        (no amulet) Stlth
                     (no ring)
HPRegen 0.24/turn    (no ring)
MPRegen 0.08/turn

%: no passive effects
@: no status effects
A: sickness immunity, AC +3, negative energy resistance 1, electricity
resistance, torment resistance 1, petrification resistance
a: no special abilities


You were on level 2 of the Dungeon.
You visited 1 branch of the dungeon, and saw 2 of its levels.

You collected 19 gold pieces.

Inventory:

Hand Weapons
 a - a +0 flail (weapon)
Armour
 b - a +0 scale mail (worn)
 c - a +0 buckler (worn)
Jewellery
 f - a ring of fire
Scrolls
 g - a scroll of noise {unknown}
Potions
 d - a potion of might
 e - a potion of curing {unknown}


   Skills:
 + Level 3.7 Fighting
 + Level 2.4 Maces & Flails
 + Level 3.7 Armour
 + Level 3.7 Shields


You had 2 spell levels left.
You didn't know any spells.
Your spell library contained the following spells:

 Spells                   Type           Power      Damage    Failure   Level
 Leda's Liquefaction      Alch/Erth      0%         N/A       100%        4
 Lee's Rapid Deconstruct  Erth           0%         3d4*      100%        5
 Bombard                  Conj/Erth      0%         9d1       100%        6


Dungeon Overview and Level Annotations

Branches:
Dungeon (2/15)

Altars:

Annotations:
D:2 Jessica


Innate Abilities, Weirdness & Mutations

You are immune to sickness and miasma.
Your stone body is resilient. (AC +3)
You are immune to poison.
You resist negative energy. (rN+)
You are resistant to electric shocks. (rElec)
You are resistant to unholy torment.
You are immune to petrification.


Message History

Found 26 gold pieces and a ring mail.
Found a stone staircase leading down.
There is a stone staircase leading up here.
Jessica the Apprentice Sorceress comes into view.
She is wielding a +0 club and carrying a wand of flame.
Jessica shouts!
Jessica zaps a wand.
The puff of flame hits you.
An endoplasm comes into view.
You completely miss Jessica.
Jessica gestures wildly.
Jessica hits you but does no damage. Jessica closely misses you.
Jessica zaps a wand.
The puff of flame hits you! Jessica gestures at you while chanting.
Pain shoots through your body!
You closely miss Jessica. Jessica barely misses you.
You barely miss Jessica.
Jessica points at you and mumbles some strange words.
Pain shoots through your body!
You closely miss Jessica. Jessica closely misses you.
Jessica gestures wildly while chanting.
Jessica blinks!
The endoplasm freezes you.
You are frozen.
You sock the endoplasm!
You kill the endoplasm!
Jessica says, "Why did you come here?"
Jessica zaps a wand.
The puff of flame hits you!
* * * LOW HITPOINT WARNING * * *
Jessica zaps a wand.
The puff of flame misses you.
You aren't carrying any items that you can evoke.
Okay, then.
You are too injured to fight recklessly!
You hit Jessica.
Jessica is heavily wounded.
Jessica hits you with a +0 club.
* * * LOW HITPOINT WARNING * * *
You hit Jessica.
Jessica is severely wounded.
Jessica casts a spell at you. Pain shoots through your body!
You die...

#..........#
##..........#
............#
##.....[....#
............#
............#
............#
........$..@########.#
...>........@........#
............##########
...$....<.......
###.##.######### #. #.
. .. # ##.


You could see Jessica.

Vanquished Creatures
  2 dart slugs (D:1)
  3 ball pythons (D:1)
  4 endoplasms
  2 goblins (D:1)
  3 hobgoblins (D:1)
  2 jackals (D:1)
  4 bats (D:1)
  3 kobolds (D:1)
  4 rats (D:1)
27 creatures vanquished.

Notes
Turn   | Place    | Note
-------+----------+-------------------------------------------
     0 | D:1      | Doomgape the Gargoyle Fighter began the quest for the Orb.
     0 | D:1      | Reached XP level 1. HP: 14/14 MP: 1/1
   292 | D:1      | Reached XP level 2. HP: 19/19 MP: 2/2
   617 | D:1      | Found a faded altar of an unknown god.
   622 | D:1      | Reached XP level 3. HP: 23/23 MP: 3/3
   858 | D:2      | Noticed Jessica
   879 | D:2      | HP: 1/24 [Jessica/+0 club (4)]
   880 | D:2      | Killed from afar by Jessica

Illustrated notes

Levels and vault maps discovered:
D:1:      dpeg_arrival_pond, layout_basic,
          hellmonk_ecumenical_altar_inner_sanctum, grunt_decor_fettered
D:2:      minmay_wonky_spiral, layout_basic, uniq_jessica, uniq_sigmund

Action                     || total
---------------------------++-------
  Melee: Flail             ||    76
    Use: Scroll            ||     1
 Armour: Scale mail        ||    60
  Dodge: Dodged            ||    43
  Block: Buckler           ||    15
